 Dungeon Crawl Stone Soup version 0.30.1-10-g1249ef9ec4 (webtiles) character file.

Game seed: 8115351150197778889

2461 Janerl the Carver (level 9, -2/75 HPs)
             Began as a Barachi Reaver on Oct 20, 2023.
             Slain by a hornet (13 damage)
             ... on level 7 of the Dungeon on Oct 27, 2023.
             The game lasted 00:30:04 (7201 turns).

Janerl the Carver (Barachi Reaver)                  Turns: 7201, Time: 00:30:06

Health: -2/75      AC:  4    Str: 14    XL:     9   Next: 50%
Magic:  12/12      EV: 13    Int: 13    God:
Gold:   452        SH:  4    Dex: 15    Spells: 10/13 levels left

rFire   . . .        t - +11 Singing Sword {sonic wave}
rCold   . . .        (no shield)
rNeg    . . .        b - +0 leather armour
rPois   .            n - +0 helmet
rElec   .            (no cloak)
rCorr   .            (no gloves)
SInv    .            (no boots)
Will    +....        w - amulet of the acrobat
Stlth   ++           (no ring)
HPRegen 0.32/turn    (no ring)
MPRegen 0.13/turn

%: acrobat
@: slowed, very slow
A: amphibious, slowness 1, strong legs 1, +LOS, large bone plates 1,
strong-willed 1, robust 1, wild magic 1
a: Hop


You were on level 7 of the Dungeon.
You visited 1 branch of the dungeon, and saw 7 of its levels.
You also visited: Sewer.

You collected 452 gold pieces.

Inventory:

Hand Weapons
 a - a +0 falchion
 l - a +2 dagger of venom
 t - the +11 Singing Sword (weapon) {sonic wave}
   (You found it on level 4 of the Dungeon)
 u - a +2 war axe of electrocution
 x - the +6 war axe of Rex Guora {heavy, Str+3 Int+3}
   (You found it in a sewer)

   Str:       It affects your strength (+3).
   Int:       It affects your intelligence (+3).
Armour
 b - a +0 leather armour (worn)
 n - a +0 helmet (worn)
Jewellery
 w - an amulet of the acrobat (around neck)
Wands
 C - a wand of roots (12)
 D - a wand of digging (5)
 E - a wand of mindburst (10)
Scrolls
 c - a scroll of teleportation {unknown}
 d - 2 scrolls of vulnerability
 e - 5 scrolls of fear
 f - a scroll of amnesia {unknown}
 h - 3 scrolls of poison {unknown}
 i - 2 scrolls of blinking {unknown}
 j - 7 scrolls of identify
 o - a scroll of immolation {unknown}
 p - 2 scrolls of magic mapping {unknown}
 q - a scroll of brand weapon {unknown}
 s - 2 scrolls of butterflies {unknown}
 y - 2 scrolls of fog {unknown}
Potions
 g - a potion of berserk rage {unknown}
 k - 2 potions of attraction {unknown}
 m - 3 potions of degeneration
 r - 2 potions of brilliance {unknown}
 v - a potion of heal wounds
 z - a potion of lignification {unknown}
 A - 3 potions of curing {unknown}
 B - 2 potions of resistance {unknown}


   Skills:
 + Level 6.0 Fighting
 + Level 3.2(7.0) Short Blades
 + Level 10.6(10.9) Long Blades
 + Level 4.1 Armour
 + Level 4.7 Dodging
 + Level 2.8 Stealth
 + Level 2.6 Shields
 + Level 2.5 Spellcasting
 + Level 3.7 Conjurations
 * Level 1.9 Translocations


You had 10 spell levels left.
You knew the following spells:

 Your Spells              Type           Power      Damage    Failure   Level
a - Kiss of Death         Conj/Necr      32%        2d7       21%         1
b - Momentum Strike       Conj/Tloc      22%        3d8       21%         2

Your spell library contained the following spells:

 Spells                   Type           Power      Damage    Failure   Level
 Freeze                   Ice            8%         1d3       38%         1
 Sandblast                Erth           4%         2d4       38%         1
 Slow                     Hex            8%         N/A       38%         1
 Dazzling Flash           Conj/Hex       16%        N/A       47%         3
 Gell's Gravitas          Tloc           8%         N/A       47%         3
 Hailstorm                Conj/Ice       8%         3d4       47%         3
 Stone Arrow              Conj/Erth      16%        3d8       47%         3
 Teleport Other           Tloc           8%         N/A       47%         3
 Passwall                 Tmut/Erth      1%         N/A       50%         2
 Portal Projectile        Hex/Tloc       10%        N/A       61%         3
 Volatile Blastmotes      Fire/Tloc      10%        2d10      61%         3
 Call Canine Familiar     Summ           2%         N/A       73%         3
 Confusing Touch          Hex            2%         N/A       73%         3
 Frozen Ramparts          Ice            4%         1d1       73%         3
 Vampiric Draining        Necr           2%         2d6       73%         3
 Iskenderun's Mystic Bla  Conj/Tloc      11%        2d4       75%         4
 Fulminant Prism          Conj/Hex       4%         3d5       86%         4
 Leda's Liquefaction      Hex/Erth       1%         N/A       98%         4
 Olgreb's Toxic Radiance  Pois           2%         N/A       98%         4
 Lee's Rapid Deconstruct  Erth           1%         3d4*      100%        5
 Dispersal                Tloc           4%         N/A       100%        6
 Starburst                Conj/Fire      4%         6d3       100%        6
 Discord                  Hex            1%         N/A       100%        8
 Ignition                 Fire           1%         3d3       100%        8


Dungeon Overview and Level Annotations

Branches:
Dungeon (7/15)             Temple (0/1) D:5           Sewer (visited)

Altars:

Annotations:
D:3 2 runed translucent doors, cono6783's ghost, amateur DrCj


Innate Abilities, Weirdness & Mutations

You are amphibious.
You cover ground slowly.
You can hop short distances.
You have an extended range of vision and can be seen from far away.
You are partially covered in large bone plates. (SH +4)
You are strong-willed. (Will+)
You are robust. (+10% HP)
Your spells are a little harder to cast, but a little more powerful.


Message History

You send a blast of sound all around you.
You kill the black bear!
Your Fighting skill increases to level 6!
You see here a black bear corpse.
Found a stone staircase leading down.
Found a brass ring.
A steam dragon comes into view.
E - a wand of mindburst (10)
Aiming: Mindburst
Press: ? - help, Shift-Dir - straight line, f - steam dragon
Aim: a steam dragon (asleep, chance to affect: 64%)
Okay, then.
A steam dragon is nearby!
A steam dragon is nearby!
A hornet comes into view.
The hornet buzzes angrily.
Found a scroll labelled XAEL VUITOAF.
The steam dragon breathes steam at you. The ball of steam misses you.
You are engulfed in a cloud of scalding steam.
The steam dragon completely misses you. You block the steam dragon's attack.
The hornet attacks as you move away! The hornet stings you!
You suddenly lose the ability to move!
The hornet stings you!
You shrug off the repeated paralysis!
The hornet stings you!
You feel yourself slow down. The hornet stings you!
* * * LOW HITPOINT WARNING * * *
You feel as though you will be slow longer.
The hornet completely misses you.
You can move again.
You slice the hornet!!
The hornet is almost dead.
The hornet closely misses you. The hornet misses you.
You barely miss the hornet.
The hornet is almost dead.
The hornet stings you!
* * * LOW HITPOINT WARNING * * *
You feel as though you will be slow longer.
The hornet stings you!
You die...

.#.### #####?## .....#
######......# ### .....#
#....##......# ..... .....#
#....##......# ....# .....#
#....##......# ....# # .#.###
#....##...=..# ....#.# .#.#
#.........ยงยง.# ....#.#
.#.#####......####.###......#
................@yD......>###.#
(#.......##...####....#......
.#.#####........#####.##..######
.#######........# #...........
................# #..#..######
######.#........# #..#.....
.....#.#.#####.## #..##.####
####.#.#.......######..# .#
.....#.#...............# .#


You could see a hornet and a steam dragon.

Vanquished Creatures
  2 steam dragons (D:6)
  An ice beast (D:6)
  A sky beast (D:7)
  An ogre (D:6)
  6 black bears
  A phantom (D:6)
  A bullfrog (Sewer)
  5 scorpions
  A wight (D:6)
  A howler monkey (D:6)
  4 hounds
  A jelly (D:6)
  A gnoll bouda (D:4)
  3 sleepcaps
  3 iguanas
  Jessica (D:3)
  7 orc wizards
  3 gnolls (D:4)
  18 adders
  A white imp (D:6)
  2 worms (D:2)
  13 orcs
  11 endoplasms
  17 giant cockroaches
  14 hobgoblins
  7 kobolds
  7 quokkas
  13 ball pythons
  13 bats
  10 frilled lizards
  7 goblins
  7 rats
183 creatures vanquished.

Vanquished Creatures (others)
  An adder (D:6)
1 creature vanquished.

Grand Total: 184 creatures vanquished

Notes
Turn   | Place    | Note
-------+----------+-------------------------------------------
     0 | D:1      | Janerl the Barachi Reaver began the quest for the Orb.
     0 | D:1      | Reached XP level 1. HP: 17/17 MP: 3/3
   125 | D:1      | Reached XP level 2. HP: 16/23 MP: 5/5
   215 | D:1      | Reached skill level 1 in Armour
   294 | D:1      | Reached skill level 4 in Long Blades
   571 | D:1      | Reached XP level 3. HP: 14/28 MP: 6/6
   694 | D:1      | Learned a level 2 spell: Momentum Strike
  1137 | D:2      | Reached XP level 4. HP: 35/35 MP: 7/7
  1341 | D:2      | Upgraded the game from 0.30.1-9-gdf580d7c3d to
                  | 0.30.1-10-g1249ef9ec4
  2482 | D:3      | Reached XP level 5. HP: 33/36 MP: 8/8
  2680 | D:3      | Noticed Jessica
  2688 | D:3      | Killed Jessica
  2802 | D:3      | Found a runed translucent door.
  2812 | D:3      | Noticed cono6783's ghost (amateur DrCj)
  2841 | D:3      | Found a runed translucent door.
  2996 | D:3      | Reached skill level 5 in Long Blades
  3336 | D:4      | Gained mutation: You are weak. (Str -2) [potion of
                  | mutation]
  3336 | D:4      | Gained mutation: You sometimes lose your temper in combat.
                  | [potion of mutation]
  3336 | D:4      | Gained mutation: Potions are less effective at restoring
                  | your health. [potion of mutation]
  3337 | D:4      | Lost mutation: Potions are less effective at restoring your
                  | health. [potion of mutation]
  3337 | D:4      | Lost mutation: You are weak. (Str -2) [potion of mutation]
  3337 | D:4      | Lost mutation: You sometimes lose your temper in combat.
                  | [potion of mutation]
  3337 | D:4      | Gained mutation: You are robust. (+10% HP) [potion of
                  | mutation]
  3337 | D:4      | Gained mutation: You have hidden genetic potential. [potion
                  | of mutation]
  3337 | D:4      | Gained mutation: You are partially covered in large bone
                  | plates. (SH +4) [potion of mutation]
  3438 | D:4      | Reached skill level 1 in Short Blades
  3438 | D:4      | Reached XP level 6. HP: 41/49 MP: 9/9
  3480 | D:4      | Reached skill level 1 in Shields
  3485 | D:4      | Gained mutation: Your spells are a little harder to cast,
                  | but a little more powerful. [hidden potential]
  3494 | D:4      | Reached skill level 1 in Stealth
  3494 | D:4      | Reached XP level 7. HP: 14/58 MP: 10/10
  3653 | D:4      | Found the +11 Singing Sword {sonic wave}
  4187 | D:4      | Reached skill level 6 in Long Blades
  4367 | D:4      | Gained mutation: You are strong-willed. (Will+) [hidden
                  | potential]
  4367 | D:4      | Lost mutation: You have hidden genetic potential. [hidden
                  | potential expressed]
  4495 | D:5      | Entered Level 5 of the Dungeon
  4722 | D:5      | Found a staircase to the Ecumenical Temple.
  5013 | D:5      | Reached XP level 8. HP: 61/67 MP: 11/11
  5145 | D:5      | Reached skill level 7 in Long Blades
  5457 | D:6      | Found a glowing drain.
  5476 | Sewer    | Entered a sewer
  5586 | Sewer    | Identified the +6 war axe of Rex Guora {heavy, Str+3 Int+3}
  5790 | D:6      | Reached skill level 8 in Long Blades
  5860 | D:6      | Reached skill level 5 in Fighting
  5861 | D:6      | Reached skill level 9 in Long Blades
  5861 | D:6      | Reached XP level 9. HP: 55/74 MP: 12/12
  5915 | D:6      | Reached skill level 10 in Long Blades
  6149 | D:6      | Reached skill level 1 in Translocations
  7192 | D:7      | Noticed a hornet
  7197 | D:7      | Paralysed by a hornet for 3 turns
  7201 | D:7      | Slain by a hornet

Illustrated notes

Levels and vault maps discovered:
D:1:      doesnt_arrival_eight_statues, layout_loops_ring, minmay_pentomino_r4
D:2:      layout_loops_ring, serial_glass, glass_columns_a, glass_columns_a,
          hex_large, guppyfry_early_orc_mine
D:3:      layout_basic, ebering_ghost_sewer_f, kennysheep_generic_room_2,
          uniq_jessica
D:4:      old_forge, layout_loops_cross, chequers_serial_rivers_room_a,
          nrook_mini_vaults
D:5:      layout_loops_corners, temple_doors_e,
          minmay_a_box_with_orc_wizards_in_it
D:6:      layout_loops_corners, gup_sewer_entry_glass, minmay_alternating_orb
D:7:      layout_basic

Skill      XL: |  1  2  3  4  5  6  7  8  9 |
---------------+----------------------------+-----
Armour         | 1 2 3 4 |  4.1
Long Blades    | 4 5 6 9 10 | 10.6
Fighting       | 3 4 5 6 |  6.0
Short Blades   | 1 2 3 |  3.2
Dodging        | 3 4 |  4.7
Shields        | 1 2 |  2.6
Stealth        | 1 2 |  2.8
Translocations | 1 |  1.9
Spellcasting   | |  2.5
Conjurations   | |  3.7

Action                     |  1- 3 |  4- 6 |  7- 9 || total
---------------------------+-------+-------+-------++-------
  Melee: Falchion          |   133 |   169 |       ||   302
         Punch             |       |     1 |     2 ||     3
         Dagger            |       |    59 |       ||    59
         Double sword      |       |       |   138 ||   138
   Cast: Kiss of Death     |       |     3 |       ||     3
    Use: Potion            |       |     4 |       ||     4
         Scroll            |       |     3 |     1 ||     4
   Stab: Sleeping          |       |     1 |     1 ||     2
         Held in net/web   |       |     3 |       ||     3
 Armour: Leather armour    |    37 |    56 |    21 ||   114
  Dodge: Dodged            |    81 |   129 |    95 ||   305
  Block: Other             |       |     7 |    27 ||    34
